 Dungeon Crawl Stone Soup version 0.28.0-45-g0d030f2227 (webtiles) character file.

Game seed: 5616050296242642489

5236 powzer the Protected (level 10, -8/90 HPs)
             Began as a Minotaur Berserker on Apr 19, 2022.
             Was an Elder of Trog.
             Mangled by a troll (12 damage)
             ... on level 8 of the Dungeon.
             The game lasted 01:15:29 (6588 turns).

powzer the Protected (Minotaur Berserker)           Turns: 6588, Time: 01:15:30

Health: -8/90      AC: 16    Str: 24    XL:     10   Next: 35%
Magic:  9/9        EV:  9    Int:  0    God:    Trog [****..]
Gold:   584        SH:  0    Dex: 18    Spells: 9/9 levels left

rFire   . . .      SeeInvis .   Q - +3 hand axe
rCold   . . .      Faith    .   (no shield)
rNeg    . . .      Spirit   .   O - +0 plate armour
rPois   .          Reflect  .   (helmet restricted)
rElec   .          Harm     .   m - +0 cloak
rCorr   .          Rampage  .   (no gloves)
Will    .....      Clarity  +   (no boots)
Stlth   ..........              (no amulet)
HPRegen 0.25/turn               j - +4 ring of slaying
MPRegen 0.11/turn               K - +6 ring of dexterity

@: flying, slowed, lost intelligence, unable to read, very slow
A: horns 2, retaliatory headbutt, clarity, dopey 2
a: Renounce Religion, Berserk, Trog's Hand, Brothers in Arms


You were on level 8 of the Dungeon.
You worshipped Trog.
Trog was greatly pleased with you.
You visited 1 branch of the dungeon, and saw 8 of its levels.
You also visited: Sewer.

You collected 584 gold pieces.

Inventory:

Hand Weapons
 s - a +0 hand crossbow
 J - a +3 morningstar
 Q - a +3 hand axe (weapon)
Missiles
 b - 204 stones
 d - 57 arrows
 e - 3 curare-tipped darts
 f - 30 poisoned darts (quivered)
 g - 43 sling bullets
 t - 66 bolts
 G - 3 boomerangs
Armour
 m - a +0 cloak (worn)
 O - a +0 plate armour (worn)
Jewellery
 a - a ring of see invisible
 j - a +4 ring of slaying (left hand)
 D - an amulet of the acrobat
 K - a +6 ring of dexterity (right hand)
Wands
 E - a wand of mindburst (14)
 I - a wand of flame (17)
Scrolls
 i - a scroll of amnesia {unknown}
 n - 4 scrolls of immolation {unknown}
 o - 4 scrolls of fog {unknown}
 q - a scroll of enchant armour {unknown}
 r - 6 scrolls of teleportation
 x - 7 scrolls of identify {unknown}
 y - a scroll of summoning {unknown}
 H - a scroll of fear {unknown}
 M - 2 scrolls of noise
 N - a scroll of blinking {unknown}
 P - a scroll of enchant weapon {unknown}
Potions
 c - 2 potions of mutation
 h - a potion of flight
 k - 2 potions of lignification
 l - 2 potions of haste
 p - a potion of degeneration {unknown}
 u - a potion of magic
 v - a potion of brilliance {unknown}
 w - a potion of cancellation {unknown}
 A - 2 potions of invisibility {unknown}
 B - 3 potions of might
 C - a potion of heal wounds {unknown}
 F - 2 potions of berserk rage {unknown}


   Skills:
 + Level 8.5 Fighting
 + Level 9.8(11.2) Axes
 + Level 8.5(10.6) Polearms
 * Level 11.1 Armour
 + Level 3.5 Dodging


You had 9 spell levels left.
You didn't know any spells.
Your spell library was empty.

Dungeon Overview and Level Annotations

Branches:
Dungeon (8/15)             Temple (0/1) D:4           Sewer (visited)
   Lair: D:8-11

Altars:
Elyvilon
Vehumet
Wu Jian
Xom

Shops:
D:5 :

Annotations:
D:8 4 runed translucent doors


Innate Abilities, Weirdness & Mutations

You have a pair of horns on your head.
You reflexively headbutt those who attack you in melee.
You possess an exceptional clarity of mind.
You are very dopey. (Int -4)


Message History

You hit the gargoyle. The bullfrog barely misses you.
The gargoyle hits you with a +0 morningstar!
You slash the bullfrog! You headbutt the bullfrog.
You kill the bullfrog!
Trog accepts your kill.
You slash the gargoyle!
The gargoyle hurls a stone arrow at you.
The stone arrow hits you!
You hit the gargoyle but do no damage.
You headbutt the gargoyle, but do no damage.
The gargoyle is moderately damaged.
The cyclops throws a large rock.
The large rock hits you!
* * * LOW HITPOINT WARNING * * *
A vampire mosquito comes into view.
The vampire mosquito buzzes angrily.
You hit the gargoyle but do no damage.
The gargoyle is moderately damaged.
The gargoyle hurls a stone arrow at you.
The stone arrow hits you!!
* * * LOW HITPOINT WARNING * * *
As you read the scroll of teleportation, it crumbles to dust.
You feel strangely unstable.
The gargoyle hits you with a +0 morningstar.
* * * LOW HITPOINT WARNING * * *
Found a ring mail.
The gargoyle hurls a stone arrow at you.
The stone arrow misses you.
Your surroundings suddenly seem different.
A troll comes into view.
The troll shouts!
A troll is nearby!
It was a potion of mutation.
You feel extremely strange.
You feel stupid. x2
You have lost your intelligence.
Your thoughts seem clearer.
You can move again.
It was a potion of flight.
You feel very buoyant.
You fly up into the air.
The troll bites you!
You die...

........'...
#.......#.[. .. ..
............ .# #.
............ .. ..
.9.......# .###.####
##y#####.# .........
..#... #
#######........
#..y##.#
#..............
#...##.# #......@T#
.###...# #..........#
..[#..#..#..........#
.###... ####.####..#
#...# #. #.# #.).##.#
# .# ..#....# .
##)##### .. .......#


You could see a troll.

Vanquished Creatures
  A two-headed ogre (D:8)
  A kobold demonologist (D:8)
  Grinder (D:4)
  A hornet (D:8)
  A yak (D:8)
  2 steam dragons (D:8)
  Eustachio (D:5)
  An acid dragon (D:8)
  Duvessa (D:6)
  2 water moccasins
  A black bear (D:8)
  A hornet zombie (D:7)
  2 necrophages
  An ogre (D:5)
  A centaur (D:8)
  2 phantoms
  3 kobold brigands
  2 bullfrogs (D:8)
  A scorpion (D:4)
  A water moccasin zombie (D:5)
  Dowan (D:6)
  A water moccasin skeleton (D:5)
  8 wights
  6 killer bees (D:7)
  2 howler monkeys
  A centaur zombie (D:8)
  A centaur skeleton (D:5)
  4 hounds
  A jelly (D:6)
  4 orc priests
  5 iguanas
  4 orc wizards
  A hound skeleton (D:4)
  A howler monkey zombie (D:8)
  4 gnolls (D:5)
  5 adders
  8 river rats (Sewer)
  A shadow imp (D:7)
  A white imp (D:8)
  An adder skeleton (D:4)
  2 worms
  18 orcs
  5 endoplasms
  6 giant cockroaches
  9 hobgoblins
  3 jackals (D:3)
  16 kobolds
  5 quokkas
  10 ball pythons
  5 bats
  4 frilled lizards
  5 goblins
  24 rats
199 creatures vanquished.

Vanquished Creatures (collateral kills)
  An orc sorcerer (D:8)
1 creature vanquished.

Vanquished Creatures (others)
  A deep elf pyromancer (D:8)
1 creature vanquished.

Grand Total: 201 creatures vanquished

Notes
Turn   | Place    | Note
-------+----------+-------------------------------------------
     0 | D:1      | powzer the Minotaur Berserker began the quest for the Orb.
     0 | D:1      | Reached XP level 1. HP: 19/19 MP: 0/0
   152 | D:1      | Reached XP level 2. HP: 18/27 MP: 1/1
   465 | D:2      | Found a shimmering altar of Xom.
   538 | D:2      | Reached XP level 3. HP: 10/34 MP: 2/2
   563 | D:2      | Reached ** piety under Trog
  1426 | D:3      | Reached skill level 3 in Armour
  1435 | D:3      | Found a faded altar of an unknown god.
  1709 | D:3      | Reached XP level 4. HP: 40/41 MP: 3/3
  2328 | D:4      | Found a glowing drain.
  2339 | Sewer    | Entered a sewer
  2424 | Sewer    | Reached *** piety under Trog
  2442 | Sewer    | Reached skill level 5 in Axes
  2444 | Sewer    | Reached XP level 5. HP: 44/47 MP: 4/4
  2530 | Sewer    | Reached skill level 4 in Armour
  2562 | Sewer    | Reached skill level 5 in Fighting
  2638 | Sewer    | Reached XP level 6. HP: 32/56 MP: 5/5
  2640 | Sewer    | Reached **** piety under Trog
  2868 | D:4      | Reached skill level 5 in Armour
  2893 | D:4      | Found a staircase to the Ecumenical Temple.
  2899 | D:4      | Reached XP level 7. HP: 41/61 MP: 6/6
  2919 | D:4      | Noticed Grinder
  2942 | D:4      | Killed Grinder
  3364 | D:5      | Entered Level 5 of the Dungeon
  3550 | D:5      | Noticed Eustachio
  3579 | D:5      | Killed Eustachio
  3580 | D:5      | Reached skill level 6 in Armour
  3580 | D:5      | Reached XP level 8. HP: 67/70 MP: 7/7
  3779 | D:5      | Found Ciklad's Book Boutique.
  4052 | D:5      | Reached skill level 7 in Armour
  4647 | D:6      | Noticed Dowan
  4649 | D:6      | Noticed Duvessa
  4660 | D:6      | Killed Duvessa
  4664 | D:6      | Killed Dowan
  4845 | D:6      | Reached skill level 1 in Polearms
  4845 | D:6      | Reached skill level 8 in Armour
  4853 | D:6      | Found a white marble altar of Elyvilon.
  5166 | D:6      | Reached XP level 9. HP: 60/75 MP: 8/8
  5394 | D:7      | Reached skill level 5 in Polearms
  5724 | D:7      | Found an ornate altar of the Wu Jian Council.
  5782 | D:7      | Reached skill level 9 in Armour
  5860 | D:8      | Found a radiant altar of Vehumet.
  5940 | D:8      | Noticed a deep elf pyromancer
  5956 | D:8      | Killed a deep elf pyromancer
  5963 | D:8      | Noticed a kobold demonologist
  5963 | D:8      | Noticed an orc sorcerer
  5974 | D:8      | Noticed a sun demon
  5974 | D:8      | Killed a kobold demonologist
  5979 | D:8      | Killed an orc sorcerer
  6021 | D:8      | Reached skill level 10 in Armour
  6109 | D:8      | Noticed a two-headed ogre
  6122 | D:8      | Killed a two-headed ogre
  6123 | D:8      | Reached XP level 10. HP: 78/88 MP: 9/9
  6291 | D:8      | Found a large runed translucent door.
  6291 | D:8      | Found a large runed translucent door.
  6311 | D:8      | Found a large runed translucent door.
  6311 | D:8      | Found a large runed translucent door.
  6465 | D:8      | Reached skill level 11 in Armour
  6525 | D:8      | Noticed a cyclops
  6565 | D:8      | Noticed a gargoyle
  6581 | D:8      | HP: 4/90 [gargoyle/stone arrow (18)]
  6585 | D:8      | Gained mutation: You are dopey. (Int -2) [potion of
                  | mutation]
  6585 | D:8      | Lost intelligence.
  6585 | D:8      | Gained mutation: You are very dopey. (Int -4) [potion of
                  | mutation]
  6585 | D:8      | Gained mutation: You possess an exceptional clarity of
                  | mind. [potion of mutation]
  6588 | D:8      | Mangled by a troll

Illustrated notes

Levels and vault maps discovered:
D:1:      saegor_arrival_simple_c, layout_rooms, moated_statue
D:2:      layout_loops_ring, basic_altar
D:3:      layout_loops_ring, hellmonk_ecumenical_altar_inner_sanctum,
          chequers_serial_rivers_small_b
D:4:      layout_rooms, minmay_temple_entry_arrows, gup_sewer_entry_pipe,
          lightli_ossuary_entry_decrepit_ruins, uniq_grinder
D:5:      layout_gridville, serial_shops, nicolae_shop_behind_doors,
          uniq_eustachio
D:6:      layout_rooms, elyvilon_altar_1, uniq_duvessa
D:7:      layout_rooms, nicolae_wu_jian_immortal_techniques
D:8:      minmay_the_grid_plus [minmay_the_grid_small_cups,
          minmay_the_grid_square_x, minmay_the_grid_tri_star,
          minmay_the_grid_spikes, minmay_the_grid_prize_big_room], layout_basic,
          amcnicky_altar_gilded, ebering_ghost_disaster_area,
          minmay_hollow_rounded_squares

Skill      XL: |  1  2  3  4  5  6  7  8  9 10 |
---------------+-------------------------------+-----
Fighting       | 4 5 6 7 8 |  8.5
Axes           | 4 5 7 8 9 |  9.8
Armour         | 3 4 5 6 8 10 11 | 11.1
Dodging        | 3 |  3.5
Polearms       | 1 7 8 |  8.5

Action                   |  1- 3 |  4- 6 |  7- 9 | 10-12 || total
-------------------------+-------+-------+-------+-------++-------
Melee: Hand axe          |   105 |   115 |    81 |    28 ||   329
       Headbutt          |    10 |    14 |    32 |    11 ||    67
       Punch             |       |     2 |       |       ||     2
       Halberd           |       |       |   117 |    29 ||   146
Throw: Stone             |     4 |       |       |       ||     4
       Dart              |       |       |       |     2 ||     2
Invok: Berserk           |       |       |     5 |       ||     5
       Trog's Hand       |       |       |     1 |       ||     1
       Brothers in Arms  |       |       |     1 |       ||     1
  Use: Potion            |     2 |     1 |     2 |     2 ||     7
       Scroll            |     1 |       |     1 |     1 ||     3
Armor: Animal skin       |     2 |       |       |       ||     2
       Ring mail         |    26 |       |       |       ||    26
       Scale mail        |     3 |    45 |     8 |       ||    56
       Skin              |       |    12 |       |       ||    12
       Chain mail        |       |       |    53 |       ||    53
       Plate armour      |       |       |    38 |    31 ||    69
Dodge: Dodged            |    63 |    59 |    88 |    16 ||   226
